 Dungeon Crawl Stone Soup version 0.20.1-1-g8b1a95d (webtiles) character file.

453 JamesWinter the Chopper (level 7, 0/47 HPs)
             Began as a Human Berserker on Aug 19, 2017.
             Was a Priest of Trog.
             Slain by an ogre
             ... wielding a +0 giant spiked club
              (14 damage)
             ... on level 4 of the Dungeon.
             The game lasted 00:33:31 (5656 turns).

JamesWinter the Chopper (Human Berserker)           Turns: 5656, Time: 00:33:32

Health: 0/47       AC:  5    Str: 18 (19) XL:     7   Next: 26%
Magic:  7/7        EV: 12    Int:  4 (5)  God:    Trog [***...]
Gold:   177        SH:  0    Dex: 13      Spells: 6/6 levels left

rFire    . . .     SeeInvis .   l - +0 falchion (holy)
rCold    . . .     Gourm    .   (no shield)
rNeg     . . .     Faith    .   g - +0 leather armour (curse)
rPois    .         Spirit   .   e - +0 helmet
rElec    .         Reflect  .   i - +0 cloak
rCorr    .         Harm     .   (no gloves)
MR       .....                  (no boots)
Stlth    +.........             (no amulet)
Regen    0.2/turn               (no ring)
MPRegen  0.1/turn               (no ring)

@: berserk cooldown, slowed, very slow
A: talons 1, dopey 1, frail 1, screaming 1
a: Berserk, Trog's Hand, Burn Spellbooks, Renounce Religion


You were on level 4 of the Dungeon.
You worshipped Trog.
Trog was most pleased with you.
You were hungry.

You visited 1 branch of the dungeon, and saw 4 of its levels.

You collected 177 gold pieces.

Inventory:

Hand Weapons
 a - a +1 hand axe
 h - a +4 quarterstaff of chaos
 l - a +0 falchion of holy wrath (weapon)
 n - a +3 scythe of protection
Missiles
 j - 3 silver tomahawks
 p - 9 tomahawks (quivered)
Armour
 b - a +0 animal skin
 e - a +0 helmet (worn)
 g - a cursed +0 leather armour (worn)
 i - a +0 cloak (worn)
 o - a +1 ring mail of fire resistance
Scrolls
 r - a scroll of remove curse
Potions
 f - a potion of haste
Comestibles
 d - 3 chunks of flesh
 s - 4 fruits


   Skills:
 + Level 3.9 Fighting
 + Level 1.2 Long Blades
 * Level 6.0(6.1) Axes
 * Level 1.1(3.9) Polearms
 + Level 0.2 Throwing
 + Level 2.8 Armour
 + Level 2.7 Dodging
 - Level 1.2 Stealth


You had 6 spell levels left.
You didn't know any spells.

Dungeon Overview and Level Annotations

Branches:
Dungeon (4/15)
 Temple: D:4-7

Altars:
Dithmenos
Okawaru


Innate Abilities, Weirdness & Mutations

You have sharp toenails.
You are dopey. (Int -2)
You are frail. (-10% HP)
You occasionally shout uncontrollably at your foes.


Message History

The ogre misses you.
You riposte.
You barely miss the ogre.
The ogre is heavily wounded.
You hit the ogre. You claw the ogre.
The ogre is severely wounded.
The ogre barely misses you.
You barely miss the ogre.
The ogre is severely wounded.
The ogre closely misses you.
You riposte.
You hit the ogre.
The ogre is severely wounded.
The ogre hits you with a giant spiked club!!
Ouch! That really hurt!
You barely miss the ogre.
The ogre is severely wounded.
The ogre hits you with a giant spiked club.
* * * LOW HITPOINT WARNING * * *
The ogre closely misses you.
A worker ant comes into view.
The worker ant twitches its antennae in your direction.
The ogre hits you with a giant spiked club!
You die...

,,,,*,,,,,,,,*,,,****,*,*,*,,****
,*,,*,,,,,,,,#...# #..$.,.,,,,*
,*,,*,,,,,,,,#...# #...#.#,,,,*
,*,,**,,**,,,....####a..#.#,*,***
**,,**,,,**,,*#..#........,,,,,,,
*,,,*,*******,.........#,*,*,,,,
**,,,***,,**,,,#.#.##.#.#,*,,,,,,
,,,,,**,,,**,♣##.#......#.####**,
***,,,*,*,,,,♣..@O............,,,
***,,,,***,,*♣##.####.###.####**,
,,,,,,******** #..,.....,,,,,,,,,
***,*,,,,*,,,**####...###*,,,,,,,
,,,,,,,,,,,,,,,,,......,,,,,,,,,,
,,*,*,,,,*,*,***####..#***,,,,,,,
,,*,*,,,,*,*,* #..# *,******
,,*,*,,,,*,*,* #[.#***,******
,,*,,,,,,,,,,* *,,,,,,,*,,,,,


You could see an ogre.

Vanquished Creatures
  Sigmund (D:2)
  An orc priest (D:3)
  A jelly (D:3)
  Crazy Yiuf (D:2)
  An orc wizard (D:3)
  Robin (D:2)
  A gnoll (D:2)
  5 adders
  An ooze (D:1)
  3 worms
  3 dart slugs
  A leopard gecko (D:3)
  16 orcs
  A giant cockroach (D:3)
  14 goblins
  11 hobgoblins
  6 jackals
  2 quokkas
  4 bats
  5 frilled lizards
  12 kobolds
  12 rats
103 creatures vanquished.

Notes
Turn   | Place    | Note
-------+----------+-------------------------------------------
     0 | D:1      | JamesWinter the Human Berserker began the quest for the Orb.
     0 | D:1      | Reached XP level 1. HP: 18/18 MP: 1/1
    49 | D:1      | Reached XP level 2. HP: 13/24 MP: 2/2
   628 | D:1      | Reached XP level 3. HP: 25/29 MP: 3/3
  1205 | D:2      | Noticed Sigmund
  1943 | D:2      | Found a runed door.
  1947 | D:2      | Noticed Crazy Yiuf
  1951 | D:2      | Killed Crazy Yiuf
  1951 | D:2      | Reached skill level 4 in Axes
  1951 | D:2      | Reached XP level 4. HP: 35/35 MP: 4/4
  2397 | D:2      | Killed Sigmund
  2397 | D:2      | Reached skill level 5 in Axes
  2397 | D:2      | Reached skill level 1 in Stealth
  2397 | D:2      | Reached XP level 5. HP: 41/41 MP: 5/5
  2397 | D:2      | Reached XP level 6. HP: 47/47 MP: 6/6
  2753 | D:2      | Noticed Robin
  2779 | D:2      | Reached ** piety under Trog
  3215 | D:2      | Killed Robin
  3357 | D:2      | Gained mutation: You are dopey. (Int -2) [potion of mutation]
  3357 | D:2      | Gained mutation: You are frail. (-10% HP) [potion of mutation]
  3357 | D:2      | Gained mutation: You occasionally shout uncontrollably at your foes. [potion of mutation]
  3357 | D:2      | Gained mutation: You have sharp toenails. [potion of mutation]
  3398 | D:2      | Found an iron altar of Okawaru.
  3757 | D:3      | Found a shadowy altar of Dithmenos.
  3949 | D:3      | Reached XP level 7. HP: 26/47 MP: 7/7
  4176 | D:3      | Reached skill level 6 in Axes
  4835 | D:3      | Reached skill level 1 in Long Blades
  5039 | D:3      | Reached skill level 1 in Polearms
  5235 | D:3      | Reached *** piety under Trog
  5656 | D:4      | Slain by an ogre

Skill      XL: |  1  2  3  4  5  6  7 |
---------------+----------------------+-----
Axes           | 4 5 6 |  6.0
Stealth        | 1 |  1.2
Long Blades    | 1 |  1.2
Polearms       | 1 |  1.1
Fighting       | |  3.9
Throwing       | |  0.2
Armour         | |  2.8
Dodging        | |  2.7

Action                   |  1- 3 |  4- 6 |  7- 9 || total
-------------------------+-------+-------+-------++-------
Melee: Hand axe          |    80 |   122 |     1 ||   203
       Kick              |       |     6 |    27 ||    33
       Falchion          |       |       |    71 ||    71
Throw: Tomahawk          |       |       |    16 ||    16
Invok: Berserk           |     4 |     6 |     2 ||    12
       Trog's Hand       |       |     1 |       ||     1
  Use: Potion            |     3 |     3 |     2 ||     8
       Scroll            |     2 |     6 |     4 ||    12
 Stab: Sleeping          |     1 |     1 |     1 ||     3
  Eat: Chunk             |     1 |     1 |     6 ||     8
       Bread ration      |     1 |     1 |       ||     2
       Meat ration       |       |     1 |       ||     1
       Fruit             |       |     2 |       ||     2
       Royal jelly       |       |     1 |       ||     1
Armor: Animal skin       |     3 |       |       ||     3
       Leather armour    |     5 |    34 |    17 ||    56
Dodge: Dodged            |    46 |    92 |    38 ||   176
       Rpst.: Falchion   |       |       |    18 ||    18
